 Dungeon Crawl Stone Soup version 0.31-a0-198-g2ad674f65e (webtiles) character file.

Game seed: 9586201393727664142

66 qw the Shooter (level 3, 0/20 HPs)
             Began as a Deep Elf Hunter on June 25, 2023.
             Slain by Sigmund
             ... wielding a +0 scythe
              (6 damage)
             ... on level 2 of the Dungeon.
             The game lasted 00:00:21 (1089 turns).

qw the Shooter (Deep Elf Hunter)                    Turns: 1089, Time: 00:00:21

Health: 0/20       AC:  7    Str: 10    XL:     3   Next: 96%
Magic:  5/5        EV:  9    Int: 13    God:
Gold:   66         SH:  0    Dex: 18    Spells: 2/2 levels left

rFire   . . .        Y - +0 shortbow
rCold   + . .        (shield currently unavailable)
rNeg    . . .        b - +1 scale mail {rC+}
rPois   .            (no helmet)
rElec   .            (no cloak)
rCorr   .            (no gloves)
SInv    .            (no boots)
Will    .....        (no amulet) Stlth
                     (no ring)
HPRegen 0.23/turn    (no ring)
MPRegen 0.09/turn

%: no passive effects
@: confused
A: no striking features
a: no special abilities


You were on level 2 of the Dungeon.
You visited 1 branch of the dungeon, and saw 2 of its levels.

You collected 66 gold pieces.


   Skills:
 - Level 1.5 Fighting
 + Level 7.4 Ranged Weapons
 - Level 2.4 Dodging
 - Level 1.2 Stealth


You had 2 spell levels left.
You didn't know any spells.
Your spell library was empty.

Inventory:

Hand Weapons
 Y - a +0 shortbow (weapon)
Armour
 b - a +1 scale mail of cold resistance (worn)
Scrolls
 a - a scroll of identify
Potions
 d - a potion of heal wounds
 i - a potion of haste {unknown}

Dungeon Overview and Level Annotations

Branches:
Dungeon (2/15)

Altars:

Annotations:
D:2 Sigmund


Message History

You shoot an arrow. The arrow hits the adder.
The adder is moderately wounded.
You feel sick. The adder bites you. The adder bites you but does no damage.
You shoot an arrow. The arrow hits the adder!
You kill the adder!
You feel sick.
You are no longer poisoned.
You start resting.
HP restored.
Done exploring.
(D) Dungeon
Where to? (* - list waypoints, Enter - D:2, ? - help)
What level of the Dungeon? (default 1, ? - help)
You climb downwards.
There is a stone staircase leading up here.
You see here 5 stones.
Found 7 stones.
Sigmund the Dreaded comes into view.
He is wielding a +0 scythe and wearing a +2 robe of positive energy.
Sigmund shouts!
Sigmund mumbles some strange words.
Sigmund flickers and vanishes!
Deactivating autopickup; reactivate with Ctrl-A.
You shoot an arrow.
A puff of flame appears from out of thin air!
The puff of flame hits you.
You shoot an arrow.
A magic dart appears from out of thin air!
The magic dart hits you.
You shoot an arrow.
Something tries to affect you, but you resist.
You shoot an arrow.
A puff of flame appears from out of thin air!
The puff of flame hits you!
You shoot an arrow.
You are confused.
You shoot an arrow. You shoot an arrow. You shoot an arrow. Something hits you.
You die...

+.# #.# #.# #.#
#.. #(# #.###
######.#####.#.#..
#............#.#.#
#.####.#######.#.#
#@# #.###.#.#.#.#
#.# #.......#.#.#
#.# #####...#.#..
#.# #.......# #.#
#.#.#.#.. #.#
#####.#.# #.#
..#.# #.# ####.#
..#


There were no monsters in sight!

Vanquished Creatures
  Terence (D:1)
  An adder (D:1)
  2 dart slugs
  A ball python (D:1)
  A bat (D:1)
  4 endoplasms (D:1)
  3 goblins
  4 hobgoblins (D:1)
  2 kobolds (D:1)
  2 quokkas (D:1)
  A frilled lizard (D:1)
  2 rats (D:1)
24 creatures vanquished.

Notes
Turn   | Place    | Note
-------+----------+-------------------------------------------
     0 | D:1      | qw the Deep Elf Hunter began the quest for the Orb.
     0 | D:1      | Reached XP level 1. HP: 12/12 MP: 3/3
     0 | D:1      | 0 ||| qw: Version: 0.3-a-22-g0ed2b0b
     0 | D:1      | 0 ||| qw: Game counter: 5139
     0 | D:1      | 0 ||| qw: Melee chars always use a shield: true
     0 | D:1      | 0 ||| qw: God list: Okawaru
     0 | D:1      | 0 ||| qw: Allow faded altars: false
     0 | D:1      | 0 ||| qw: Do Orc after clearing Dungeon:15 true
     0 | D:1      | 0 ||| qw: Do second Lair branch before Depths: true
     0 | D:1      | 0 ||| qw: Lair rune preference: random
     0 | D:1      | 0 ||| qw: Goals: Normal
     0 | D:1      | 0 ||| PLANNING D:1-11
   150 | D:1      | Reached XP level 2. HP: 16/16 MP: 4/4
   158 | D:1      | Reached skill level 6 in Ranged Weapons
   229 | D:1      | Found a faded altar of an unknown god.
   866 | D:1      | 866 ||| UPGRADING to +0 ring mail.
   876 | D:1      | 876 ||| DROPPING +0 leather armour.
   877 | D:1      | 877 ||| READING 3 scrolls labelled LURHOLEANK.
   878 | D:1      | 878 ||| READING scroll labelled SIMMEMIDAE.
   879 | D:1      | 879 ||| READING scroll labelled IRUDIR JAKIFOM.
   880 | D:1      | 880 ||| DRINKING 2 golden potions.
   881 | D:1      | 881 ||| READING 2 scrolls of identify.
   881 | D:1      | 881 ||| IDENTIFYING lumpy red potion
   882 | D:1      | 882 ||| DROPPING scroll of butterflies.
   883 | D:1      | 883 ||| DROPPING potion of brilliance.
   915 | D:2      | Noticed Terence
   919 | D:2      | Reached XP level 3. HP: 20/20 MP: 5/5
   923 | D:2      | 923 ||| STAIRDANCE
   929 | D:1      | Killed Terence
   930 | D:1      | Reached skill level 7 in Ranged Weapons
   985 | D:1      | 985 ||| UPGRADING to +1 scale mail of cold resistance.
   995 | D:1      | 995 ||| DROPPING +0 ring mail.
  1002 | D:2      | 1002 ||| STAIRDANCE
  1081 | D:2      | Noticed Sigmund
  1085 | D:2      | HP: 5/20 [something/puff of flame (8)]
  1089 | D:2      | Slain by Sigmund

Levels and vault maps discovered:
D:1:      onia_arrival_pyramid, layout_basic,
          ebering_ecumenical_altar_petrified, wad_floor_pattern_untrapped
D:2:      layout_basic, corexii_leaking_fountain, uniq_terence, uniq_sigmund

Skill      XL: |  1  2  3 |
---------------+----------+-----
Ranged Weapons | 6 7 |  7.4
Fighting       | |  1.5
Dodging        | |  2.4
Stealth        | |  1.2

Action                     || total
---------------------------++-------
   Fire: Shortbow          ||    72
    Use: Scroll            ||     4
         Potion            ||     1
 Armour: Leather armour    ||     2
         Scale mail        ||     6
         Ring mail         ||     1
  Dodge: Dodged            ||     7

Table legend:
 A = Non-vault XP
 B = Vault XP
 C = Vault XP percentage of total XP
 D = Non-vault monster count
 E = Vault monster count
 F = Vault count percentage of total count
                 A         B        C        D         E       F
            +---------+---------+-------+---------+---------+-------
      Total |      57 |      38 |  40.0 |      23 |       1 |   4.2
            +---------+---------+-------+---------+---------+-------
        D:1 |      51 |      38 |  42.7 |      21 |       1 |   4.5
        D:2 |       6 |       0 |   0.0 |       2 |       0 |   0.0
            +---------+---------+-------+---------+---------+-------
